 Dungeon Crawl Stone Soup version 0.21-a0-70-g32e1473 (webtiles) character file.

133 Manul the Slasher (level 5, -3/46 HPs)
             Began as a Tengu Gladiator on June 18, 2017.
             Slain by an orc
             ... wielding a +0 flail
              (7 damage)
             ... on level 3 of the Dungeon.
             The game lasted 00:02:16 (2310 turns).

Manul the Slasher (Tengu Gladiator)                 Turns: 2310, Time: 00:02:17

Health: -3/46      AC:  3    Str: 19 (20) XL:     5   Next: 16%
Magic:  15/15      EV: 14    Int:  8      God:
Gold:   150        SH:  0    Dex: 15 (16) Spells: 4/4 levels left

rFire    . . .     SeeInvis .   a - +0 long sword
rCold    + . .     Gourm    .   (no shield)
rNeg     . . .     Faith    .   b - +0 leather armour
rPois    .         Spirit   .   c - +0 hat
rElec    .         Reflect  .   (no cloak)
rCorr    .         Harm     .   (no gloves)
MR       .....                  (boots unavailable)
Stlth    ..........             (no amulet)
HPRegen  0.15/turn              p - ring of magical power
MPRegen  0.14/turn              h - ring of protection from cold

@: berserking, very quick
A: beak, talons 3, able to fly 1
a: Fly


You were on level 3 of the Dungeon.
You were hungry.

You visited 1 branch of the dungeon, and saw 3 of its levels.

You collected 150 gold pieces.

Inventory:

Hand Weapons
 a - a +0 long sword (weapon)
Missiles
 d - 3 throwing nets (quivered)
Armour
 b - a +0 leather armour (worn)
 c - a +0 hat (worn)
Jewellery
 h - a ring of protection from cold (right hand)
 p - a ring of magical power (left hand)
Scrolls
 e - a scroll of recharging {unknown}
 i - a scroll of amnesia {unknown}
 k - 3 scrolls of identify {unknown}
 l - a scroll of remove curse {unknown}
 m - a scroll of random uselessness {unknown}
Potions
 g - a potion of degeneration
 n - a potion of berserk rage
 o - 2 potions of resistance {unknown}
 r - a potion of ambrosia {unknown}
 s - a potion of heal wounds {unknown}
Comestibles
 f - 2 bread rations
 j - 2 royal jellies
 q - a chunk of flesh
 t - 2 fruits


   Skills:
 + Level 2.5 Fighting
 + Level 4.9 Long Blades
 + Level 2.0 Throwing
 + Level 1.6 Armour
 + Level 4.0 Dodging
 + Level 0.7 Stealth


You had 4 spell levels left.
You didn't know any spells.

Dungeon Overview and Level Annotations

Branches:
Dungeon (3/15)

Altars:
Ru


Innate Abilities, Weirdness & Mutations

You have a beak for a mouth.
You have claws for feet.
You can fly.


Message History

The orc barely misses you.
You hit the orc but do no damage. You claw the orc, but do no damage.
The orc is almost dead.
The orc hits you with a flail.
* * * LOW HITPOINT WARNING * * *
Unknown command.
It was a potion of berserk rage.
A red film seems to cover your vision as you go berserk!
You feel yourself moving faster!
You feel mighty! The orc misses you.
You completely miss the orc.
The orc is severely wounded.
You hit the orc.
You kill the orc!
You barely miss the orc. Your kick misses the orc. Your peck misses the orc.
You slash the orc!
You kill the orc!
The orc barely misses you.
Items here: ))) [[ † You completely miss the orc.
The orc hits you with a flail!
You die...

. ≈. ≈≈≈ .≈≈≈ ##### ≈.≈≈≈
########...########..≈≈≈≈
#...............@o...≈S≈≈
..######....#######.≈.≈≈≈
### ##.#.# ..≈≈≈ #.#.#
≈≈≈≈ # #.#.# ≈≈≈ # #.#.#
≈≈ ####### #.#.# ≈
).....# #.#.# #####.#
#...#


You could see an adder (wandering) and an orc.

Vanquished Creatures
  An orc wizard (D:2)
  3 adders (D:3)
  A worm (D:2)
  A dart slug (D:1)
  2 leopard geckos (D:2)
  5 orcs (D:3)
  A ball python (D:1)
  12 bats
  A giant cockroach (D:2)
  8 goblins
  9 hobgoblins
  3 jackals
  6 kobolds
  A quokka (D:3)
  A frilled lizard (D:2)
  10 rats
65 creatures vanquished.

Notes
Turn   | Place    | Note
-------+----------+-------------------------------------------
     0 | D:1      | Manul the Tengu Gladiator began the quest for the Orb.
     0 | D:1      | Reached XP level 1. HP: 12/12 MP: 2/2
   314 | D:1      | Reached XP level 2. HP: 16/17 MP: 3/3
   502 | D:1      | You fall through a shaft!
   586 | D:2      | Reached XP level 3. HP: 12/21 MP: 4/4
   590 | D:2      | Found a sacrificial altar of Ru.
   601 | D:2      | Reached skill level 1 in Armour
  1045 | D:1      | Reached XP level 4. HP: 26/26 MP: 5/5
  1934 | D:3      | Gained mutation: You can fly. [Tengu growth]
  1934 | D:3      | Reached XP level 5. HP: 15/31 MP: 6/6
  2310 | D:3      | Slain by an orc

Vault maps used:
D:1:      roderic_crop_circles_arrival_small
D:2:      nicolae_ru_great_annihilating_truth
D:3:      corexii_shack_village, first_bread, chequers_ecumenical_altar_island,
          grunt_ministairs_7

Skill      XL: |  1  2  3  4 |
---------------+-------------+-----
Long Blades    | 4 |  4.9
Armour         | 1 |  1.6
Dodging        | 4 |  4.0
Fighting       | |  2.5
Throwing       | |  2.0
Stealth        | |  0.7

Action                   |  1- 3 |  4- 6 || total
-------------------------+-------+-------++-------
Melee: Long sword        |    48 |    87 ||   135
       Kick              |    10 |    20 ||    30
       Peck              |    10 |    12 ||    22
  Use: Potion            |     2 |     1 ||     3
 Stab: Paralysed         |     1 |       ||     1
       Sleeping          |       |     1 ||     1
  Eat: Chunk             |       |     4 ||     4
Armor: Leather armour    |    14 |    13 ||    27
       Skin              |     4 |       ||     4
Dodge: Dodged            |    41 |    58 ||    99
       Rpst.: Long sword |    14 |    16 ||    30
